AoeStats
← WiNdIGo

Black Forest

504061049Analyzed
2v2 RM · 28d ago on Sep 3, 2026· 59m 5s· 4 players
Game mode
Random Map
Map size
Medium (4 player)
Population
200
Speed
Normal
Resources
Standard
Victory
Conquest
Starting age
Dark Age
Ending age
Imperial Age
RankedLock teamsTeams togetherTeam positionsShared explorationLock speedFull tech treeHidden civsTurbo modeCheats
Victory
Defeat
🇷🇺 Spanish · Russia
773
+17
🇷🇺 Bohemians · Russia
769
+17
🇺🇸 Burgundians · United States
836
-19
🇪🇸 Turks · Spain
743
-15
Rodi
2:12 Loom
10:54 Feudal Age
11:15 Horse Collar
11:22 Double-Bit Axe
14:28 Wheelbarrow
19:09 Castle Age
20:07 Bow Saw
21:14 Forging
21:05 Scale Mail Armor
21:11 Pikeman
24:26 Chain Mail Armor
24:54 Heavy Plow
29:54 Iron Casting
30:10 Arson
30:25 Squires
31:57 Hand Cart
35:24 Chemistry
34:05 Treadmill Crane
38:37 Imperial Age
39:25 Fortified Wall
39:26 Masonry
39:39 Conscription
41:09 Two-Man Saw
41:59 Plate Mail Armor
42:29 Blast Furnace
42:20 Halberdier
43:41 Siege Engineers
44:01 Town Watch
45:32 Houfnice
56:03 Hussite Reforms
56:06 Wagenburg Tactics
WiNdIGo
1:58 Loom
11:03 Feudal Age
13:14 Wheelbarrow
13:38 Double-Bit Axe
18:30 Castle Age
17:38 Stone Mining
17:38 Gold Mining
17:31 Horse Collar
20:34 Bow Saw
27:03 Heavy Plow
30:51 Inquisition
31:43 Stone Shaft Mining
31:47 Fletching
32:00 Padded Archer Armor
33:50 Masonry
33:37 Murder Holes
34:53 Fortified Wall
35:33 Hand Cart
35:56 Leather Archer Armor
35:36 Bodkin Arrow
35:47 Scale Barding Armor
39:26 Imperial Age
39:31 Coinage
39:28 Caravan
40:44 Chain Barding Armor
40:20 Bodkin Arrow
40:27 Scale Mail Armor
40:39 Forging
41:29 Supremacy
42:14 Two-Man Saw
42:17 Chemistry
42:03 Elite Conquistador
43:08 Husbandry
43:19 Bloodlines
43:50 Banking
43:46 Guilds
46:15 Conscription
47:34 Cavalier
50:26 Plate Barding Armor
50:22 Ring Archer Armor
49:52 Bracer
50:08 Chain Mail Armor
50:28 Iron Casting
53:14 Paladin
55:22 Plate Mail Armor
boobers420
1:16 Loom
14:33 Feudal Age
18:33 Castle Age
16:49 Horse Collar
17:01 Double-Bit Axe
19:26 Scale Mail Armor
19:34 Scale Barding Armor
20:31 Forging
25:33 Heavy Plow
27:22 Gold Mining
28:56 Scale Mail Armor
32:43 Squires
32:18 Cavalier
34:15 Husbandry
36:37 Bow Saw
39:07 Imperial Age
37:55 Chain Barding Armor
39:29 Iron Casting
39:34 Ballistics
40:32 Padded Archer Armor
41:41 Wheelbarrow
42:31 Chemistry
41:43 Masonry
48:10 Elite Skirmisher
49:18 Light Cavalry
50:38 Hussar
jbeacen2
17:41 Feudal Age
18:05 Horse Collar
18:15 Double-Bit Axe
25:38 Castle Age
24:48 Scale Mail Armor
24:44 Stone Mining
24:54 Gold Mining
27:27 Bow Saw
27:20 Heavy Plow
28:29 Chain Mail Armor
29:43 Gold Shaft Mining
32:52 Ballistics
39:30 Imperial Age
44:45 Elite Janissary
49:59 Two-Man Saw
49:43 Capped Ram
50:34 Artillery
51:11 Siege Ram
53:37 Plate Mail Armor
Connection lost

Rejoining the realm…

Still unreachable

The connection could not be restored.

Session expired

The server has moved on; the page needs a fresh start.